 Dungeon Crawl Stone Soup version 0.23-a0-394-g6ce9549 (webtiles) character file.

268 Dawnplanks the Grave Robber (level 6, -4/49 HPs)
             Began as a Deep Dwarf Necromancer on Oct 31, 2018.
             Slain by a worker ant (6 damage)
             ... on level 3 of the Dungeon.
             The game lasted 00:23:36 (4748 turns).

Dawnplanks the Grave Robber (DDNe)                  Turns: 4748, Time: 00:23:36

Health: -4/49      AC:  2    Str: 12    XL:     6   Next: 1%
Magic:  1/10       EV: 13    Int: 17    God:
Gold:   135        SH:  0    Dex: 13    Spells: 6/11 levels left

rFire    . . .     SeeInvis .   i - +1 short sword (speed)
rCold    . . .     Gourm    .   (no shield)
rNeg     . . .     Faith    .   a - +0 robe
rPois    .         Spirit   .   (no helmet)
rElec    .         Reflect  .   (no cloak)
rCorr    .         Harm     .   (no gloves)
MR       .....                  (no boots)
Stlth    +.........             (no amulet)
HPRegen  0.00/turn              (no ring)
MPRegen  0.12/turn              (no ring)

@: confused, non-regenerating, slowed, very slow
A: damage resistance, heal wounds, sense surroundings 1, no regeneration
a: Heal Wounds


You were on level 3 of the Dungeon.
You were hungry.

You visited 1 branch of the dungeon, and saw 4 of its levels.

You collected 135 gold pieces.

Inventory:

Hand Weapons
 i - a +1 short sword of speed (weapon)
Missiles
 q - 2 throwing nets (quivered)
Armour
 a - a +0 robe (worn)
Scrolls
 b - a scroll of teleportation {unknown}
 e - 3 scrolls of magic mapping {unknown}
 k - a scroll of identify {unknown}
 l - a scroll of fear {unknown}
 p - 2 scrolls of remove curse {unknown}
 r - a scroll of enchant weapon {unknown}
Potions
 d - a potion of invisibility {unknown}
 f - a potion of haste {unknown}
 g - a potion of lignification {unknown}
 h - 3 potions of curing {unknown}
 j - a potion of magic {unknown}
 m - a potion of cancellation {unknown}
 o - a potion of mutation {unknown}
Comestibles
 c - 7 rations
 n - 4 chunks of flesh


   Skills:
 + Level 0.2 Fighting
 + Level 2.4 Dodging
 + Level 3.1 Stealth
 + Level 3.3 Spellcasting
 + Level 6.6 Necromancy


You had 6 spell levels left.
You knew the following spells:

 Your Spells              Type           Power        Failure   Level  Hunger
a - Pain                  Necr           ####         1%          1    None
b - Animate Skeleton      Necr           N/A          1%          1    None
c - Vampiric Draining     Necr           ####......   3%          3    ###....

Your spell library contained the following spells:

 Spells                   Type           Power        Failure   Level  Hunger
 Animate Dead             Necr           N/A          11%         4    ####...
 Apportation              Tloc           #.....       17%         1    None
 Confusing Touch          Hex            #.....       17%         1    None
 Summon Small Mammal      Summ           #...         17%         1    None
 Regeneration             Chrm/Necr      Unusable     N/A         3    N/A

Dungeon Overview and Level Annotations

Branches:
Dungeon (4/15)
 Temple: D:4-7

Altars:
Dithmenos
Wu Jian

Shops:
D:4 (%=


Innate Abilities, Weirdness & Mutations

You are resistant to damage.
You can heal yourself by infusing magical energy.
You passively map a small area around you.
You do not regenerate.


Message History

Something hits you but does no damage.
You hit the orc.
The orc is moderately wounded.
The worker ant misses you. The orc closely misses you.
Something hits you but does no damage. The worker ant completely misses you.
You hit the orc.
The orc is almost dead.
The orc hits you but does no damage.
You hear some strange, mumbled words.
You are confused.
The worker ant barely misses you.
You're too confused to cast spells.
Okay, then.
You hit the orc but do no damage.
The orc is almost dead.
The worker ant bites you. Something hits you.
* * * LOW HITPOINT WARNING * * *
The orc hits you but does no damage. The worker ant bites you!
You die...

........................#
[...............[.......#
#####...................#
#####...............# #####
#...............#
###...#######...........#
....#...#####[..........#
♣♣♣##...........oa{.....#
♣PP♣...♣.♣♣.....@>......#
.♣...P♣.♣♣..♣♣.#####.####
.....♣.♣P♣P♣♣♣.♣♣ #.##
##.......♣.♣♣.♣.####..#########
.'...###...♣.♣♣♣..##..........#
##...).#.....P♣.♣♣.P#..#####.##
.P...###.....♣.♣P.♣.P♣.##
#.####
.................♣...♣..#
#.....
..........♣...♣...♣♣♣♣#.#
#####.


You could see a worker ant and an orc.

Vanquished Creatures
  2 orc priests (D:3)
  An orc wizard (D:3)
  3 adders
  4 gnolls (D:3)
  4 worms
  A dart slug (D:1)
  2 leopard geckos (D:3)
  5 orcs
  3 ball pythons
  10 bats
  2 giant cockroaches (D:1)
  13 goblins
  12 hobgoblins
  2 jackals
  7 quokkas
  6 frilled lizards
  8 kobolds
  6 rats
91 creatures vanquished.

Vanquished Creatures (collateral kills)
  A rat (D:1)
1 creature vanquished.

Grand Total: 92 creatures vanquished

Notes
Turn   | Place    | Note
-------+----------+-------------------------------------------
     0 | D:1      | Dawnplanks the Deep Dwarf Necromancer began the quest for
                  | the Orb.
     0 | D:1      | Reached XP level 1. HP: 15/15 MP: 3/3
   272 | D:1      | Learned a level 1 spell: Animate Skeleton
   282 | D:1      | Reached XP level 2. HP: 22/22 MP: 1/4
   686 | D:1      | Reached skill level 5 in Necromancy
  1168 | D:1      | Reached XP level 3. HP: 24/28 MP: 1/6
  1662 | D:2      | Learned a level 3 spell: Vampiric Draining
  1827 | D:2      | Found a shadowy altar of Dithmenos.
  2184 | D:2      | Reached XP level 4. HP: 33/36 MP: 0/7
  2454 | D:2      | Found an ornate altar of the Wu Jian Council.
  3294 | D:3      | Reached skill level 6 in Necromancy
  3618 | D:3      | Reached XP level 5. HP: 26/42 MP: 0/9
  4312 | D:4      | Found Qesint's Food Shoppe.
  4312 | D:4      | Noticed an ogre
  4312 | D:4      | Noticed an ogre
  4314 | D:4      | Noticed an ogre
  4396 | D:4      | Found Vasivud's Jewellery Shoppe.
  4460 | D:4      | Found Vuikob's Weapon Emporium.
  4739 | D:3      | Reached XP level 6. HP: 14/49 MP: 3/10
  4747 | D:3      | HP: 2/49 [something (1)]
  4748 | D:3      | Slain by a worker ant

Vault maps used:
D:1:      lightli_arrival_boilingwater, hangedman_decor_diamond_cutter
D:2:      overflow_temple_1_default, lemuel_doored_altar
D:3:      wad_woods_settlement
D:4:      kennysheep_slug_shrine, serial_shops, shop, shop, nicolae_shop_stone,
          shop_coins, first_ration

Skill      XL: |  1  2  3  4  5 |
---------------+----------------+-----
Spellcasting   | 2 3 |  3.3
Necromancy     | 5 6 |  6.6
Stealth        | 3 |  3.1
Fighting       | |  0.2
Dodging        | |  2.4

Action                   |  1- 3 |  4- 6 || total
-------------------------+-------+-------++-------
Melee: Club              |    23 |       ||    23
       Short sword       |     8 |    43 ||    51
 Cast: Pain              |    87 |    47 ||   134
       Animate Skeleton  |     1 |       ||     1
       Vampiric Draining |     6 |    40 ||    46
 Stab: Sleeping          |     1 |     2 ||     3
  Eat: Chunk             |     6 |    12 ||    18
Armor: Robe              |    17 |    20 ||    37
Dodge: Dodged            |    33 |    55 ||    88

Table legend:
 A = Non-vault XP
 B = Vault XP
 C = Vault XP percentage of total XP
 D = Non-vault monster count
 E = Vault monster count
 F = Vault count percentage of total count
                 A         B        C        D         E       F
            +---------+---------+-------+---------+---------+-------
      Total |     322 |      62 |  16.1 |      85 |       7 |   7.6
            +---------+---------+-------+---------+---------+-------
        D:1 |      56 |       0 |   0.0 |      34 |       0 |   0.0
        D:2 |      53 |       0 |   0.0 |      21 |       0 |   0.0
        D:3 |     195 |      62 |  24.1 |      27 |       7 |  20.6
        D:4 |      18 |       0 |   0.0 |       3 |       0 |   0.0
            +---------+---------+-------+---------+---------+-------
